 Dungeon Crawl Stone Soup version 0.20-a0-1086-g4bd2f5b (webtiles) character file.

413 Monsterracer the Slasher (level 7, 0/53 HPs)
             Began as a Formicid Abyssal Knight on May 1, 2017.
             Was a Priest of Lugonu.
             Succumbed to a worker ant's poison
             ... on level 5 of the Dungeon.
             The game lasted 00:10:07 (3718 turns).

Monsterracer the Slasher (Formicid Abyssal Knight)  Turns: 3718, Time: 00:10:08

Health: 0/53       AC: 11    Str: 16    XL:     7   Next: 14%
Magic:  9/9        EV:  7    Int: 12    God:    Lugonu [***...]
Gold:   208        SH:  4    Dex: 12    Spells: 6/6 levels left

rFire    . . .     SeeInvis +   a - +2 falchion
rCold    . . .     Gourm    .   i - +0 buckler
rNeg     + . .     Faith    .   f - +0 chain mail
rPois    .         Spirit   .   (helmet unavailable)
rElec    .         Reflect  .   (no cloak)
rCorr    .         Harm     .   j - +1 pair of gloves
MR       .....                  (no boots)
Stlth    ..........             (no amulet)
Regen    0.2/turn               e - ring of positive energy
MPRegen  0.2/turn               (no ring)

@: lethally poisoned (0 -> -7)
A: permanent stasis, dig shafts and tunnels, four strong arms, antennae 3
a: Dig, Shaft Self, Depart the Abyss, Bend Space, Banish, Renounce Religion


You were on level 5 of the Dungeon.
You worshipped Lugonu.
Lugonu was most pleased with you.
You were near starving.

You visited 1 branch of the dungeon, and saw 5 of its levels.
You visited the Abyss 1 time.

You collected 208 gold pieces.

Inventory:

Hand Weapons
 a - a +2 falchion (weapon)
Missiles
 m - 24 bolts
Armour
 f - a +0 chain mail (worn)
 i - a +0 buckler (worn)
 j - a +1 pair of gloves (worn)
Jewellery
 e - a ring of positive energy (left hand)
Wands
 o - a wand of polymorph (3/24)
Scrolls
 b - a scroll of enchant armour
 d - 5 scrolls of teleportation {unknown}
 g - 6 scrolls of identify
Comestibles
 c - 3 bread rations
 h - a royal jelly


   Skills:
 + Level 3.9 Fighting
 * Level 5.6 Long Blades
 + Level 2.7 Armour
 + Level 1.8 Dodging
 + Level 1.9 Shields
 + Level 3.4 Invocations


You had 6 spell levels left.
You didn't know any spells.

Dungeon Overview and Level Annotations

Branches:
Dungeon (5/15)
 Temple: D:4-7

Altars:
Nemelex Xobeh
Uskayaw


Innate Abilities, Weirdness & Mutations

You cannot be hasted, slowed, berserked, paralysed or teleported.
You can dig through walls and to a lower floor.
Your four strong arms can wield two-handed weapons with a shield.
You have a pair of large antennae on your head. (SInv)


Message History

You feel sick.
* * * LOW HITPOINT WARNING * * *
You feel sick.
* * * LOW HITPOINT WARNING * * *
You feel sick.
* * * LOW HITPOINT WARNING * * *
You feel sick.
* * * LOW HITPOINT WARNING * * *
You feel sick.
* * * LOW HITPOINT WARNING * * *
You feel sick.
* * * LOW HITPOINT WARNING * * *
You feel sick.
* * * LOW HITPOINT WARNING * * *
You feel sick.
* * * LOW HITPOINT WARNING * * *
You feel sick.
* * * LOW HITPOINT WARNING * * *
You feel sick.
You die...

.# ..# #..#
######..#
##....#..#
##........#
##.........#
#.....@...#
##........##
##.........#
#.........##
##.<......#
#######..#
#..## #..#
##..#


There were no monsters in sight!

Vanquished Creatures
  A centaur (D:3)
  A scorpion (D:3)
  A howler monkey (D:4)
  2 orc wizards
  A worker ant (D:5)
  Robin (D:2)
  6 adders
  2 oozes
  An adder skeleton (D:4)
  A dart slug (D:1)
  6 orcs (D:3)
  9 bats
  2 giant cockroaches
  18 goblins
  9 hobgoblins
  11 kobolds
  A quokka (D:4)
  A ball python (D:2)
  7 frilled lizards
  8 rats
89 creatures vanquished.

Notes
Turn   | Place    | Note
-------+----------+-------------------------------------------
     0 | Abyss:1  | Monsterracer the Formicid Abyssal Knight began the quest for the Orb.
     0 | Abyss:1  | Reached XP level 1. HP: 18/18 MP: 2/2
     9 | D:1      | Escaped the Abyss
    65 | D:1      | Reached XP level 2. HP: 21/24 MP: 3/3
   278 | D:1      | Reached skill level 3 in Long Blades
   458 | D:1      | Reached XP level 3. HP: 27/29 MP: 4/4
   590 | D:1      | Found a sparkling altar of Nemelex Xobeh.
  1080 | D:2      | Reached ** piety under Lugonu
  1239 | D:2      | Reached skill level 4 in Long Blades
  1239 | D:2      | Reached XP level 4. HP: 35/35 MP: 5/5
  1351 | D:2      | Noticed Robin
  1368 | D:2      | Killed Robin
  1369 | D:2      | Reached XP level 5. HP: 15/41 MP: 6/6
  1864 | D:3      | Found a hide-covered altar of Uskayaw.
  1864 | D:3      | Noticed a hand axe
  1864 | D:3      | Noticed a dagger
  1899 | D:3      | Reached skill level 1 in Dodging
  1969 | D:3      | Reached skill level 5 in Long Blades
  2323 | D:2      | Reached *** piety under Lugonu
  2435 | D:3      | Reached skill level 1 in Shields
  2435 | D:3      | Reached XP level 6. HP: 47/47 MP: 7/7
  3405 | D:4      | Reached XP level 7. HP: 53/53 MP: 9/9
  3675 | D:5      | Entered Level 5 of the Dungeon
  3714 | D:5      | HP: 2/53 [poisoned by a worker ant]
  3718 | D:5      | Succumbed to a worker ant's poison

Vault maps used:
D:1:      shiori_arrival_oz, minmay_strange_pillars,
          nemelex_diamond_rough_becter
D:2:      first_bread, uniq_robin
D:3:      dancing_weapons_uskayaw
D:5:      grunt_temple_overflow_forces_of_nature, overflow_temple_1_default,
          marbit_many_paths, uniq_crazy_yiuf_cottage, uniq_duvessa

Skill      XL: |  1  2  3  4  5  6 |
---------------+-------------------+-----
Long Blades    | 3 4 5 |  5.6
Dodging        | 1 |  1.8
Shields        | 1 |  1.9
Invocations    | 3 |  3.4
Fighting       | |  3.9
Armour         | |  2.7

Action                   |  1- 3 |  4- 6 |  7- 9 || total
-------------------------+-------+-------+-------++-------
Melee: Falchion          |   112 |   231 |    13 ||   356
 Abil: Dig               |     1 |       |       ||     1
  Use: Potion            |     1 |     1 |       ||     2
       Scroll            |       |     6 |       ||     6
  Eat: Chunk             |     1 |     7 |       ||     8
Armor: Chain mail        |    74 |   108 |     5 ||   187
       Leather armour    |     5 |       |       ||     5
Dodge: Dodged            |    59 |    77 |     4 ||   140
Block: Buckler           |       |    30 |     1 ||    31
       Rpst.: Falchion   |    22 |    22 |       ||    44
